 Dungeon Crawl Stone Soup version 0.25-a0-731-g0472a16d6a (webtiles) character file.

Game seed: 17666831234224717467, levelgen mode: deterministic

2489 Mehrunes the Torchbearer (level 9, -3/69 HPs)
             Began as a Demonspawn Gladiator on Apr 8, 2020.
             Was a Follower of Yredelemnul.
             Killed from afar by Psyche (10 damage)
             ... with a magic dart
             ... on level 8 of the Dungeon.
             The game lasted 00:36:39 (11055 turns).

Mehrunes the Torchbearer (Demonspawn Gladiator)    Turns: 11055, Time: 00:36:40

Health: -3/69      AC: 10    Str: 17    XL:     9   Next: 27%
Magic:  14/14      EV:  8    Int: 10    God:    Yredelemnul [*.....]
Gold:   387        SH:  0    Dex: 15    Spells: 2/8 levels left

rFire    + . .     SeeInvis .   M - +1 dagger (venom)
rCold    + + .     Gourm    .   (no shield)
rNeg     . . .     Faith    .   L - +0 chain mail (curse)
rPois    .         Spirit   .   (helmet restricted)
rElec    .         Reflect  .   l - scarf {rC+ rF+}
rCorr    +         Harm     .   C - +0 pair of gloves (curse)
MR       .....                  (no boots)
Stlth    ..........             (no amulet)
HPRegen  0.21/turn              j - ring of protection from cold
MPRegen  0.14/turn              k - ring of resist corrosion

@: no status effects
A: horns 2, nightstalker 2
a: Animate Remains, Renounce Religion


You were on level 8 of the Dungeon.
You worshipped Yredelemnul.
Yredelemnul was aware of your devotion.
You were very hungry.

You visited 2 branches of the dungeon, and saw 11 of its levels.

You collected 387 gold pieces.

Inventory:

Hand Weapons
 a - a +0 long sword
 y - a +2 whip of freezing
 M - a +1 dagger of venom (weapon)
Missiles
 c - 6 javelins (quivered)
 d - 2 throwing nets
 e - 19 poisoned darts
 G - 3 silver javelins
Armour
 l - a scarf of resistance (worn)
 u - a +0 ring mail
 A - a +0 scale mail
 C - a cursed +0 pair of gloves (worn)
 I - a +0 chain mail
 L - a cursed +0 chain mail (worn)
Jewellery
 j - a ring of protection from cold (left hand)
 k - a ring of resist corrosion (right hand)
Wands
 w - a wand of polymorph (29)
 K - a wand of random effects (13)
Scrolls
 g - 6 scrolls of remove curse
 n - 2 scrolls of magic mapping
 o - a scroll of fog
 p - 3 scrolls of enchant weapon
 q - 2 scrolls of teleportation
 t - a scroll of enchant armour
 v - a scroll of noise
 z - a scroll of immolation
Potions
 h - a potion of curing
 m - 2 potions of brilliance
 r - a potion of cancellation {unknown}
 s - a potion of mutation
 x - a potion of haste {unknown}
 B - a potion of stabbing
 D - a potion of ambrosia {unknown}
 E - 3 potions of flight {unknown}
 F - 2 potions of might {unknown}
 H - a potion of lignification {unknown}
Comestibles
 f - 8 rations


   Skills:
 + Level 5.7 Fighting
 + Level 6.7 Long Blades
 + Level 5.0 Throwing
 - Level 4.7 Armour
 - Level 2.6 Dodging
 + Level 6.7 Invocations


You had 2 spell levels left.
You knew the following spells:

 Your Spells              Type           Power        Failure   Level  Hunger
a - Blink                 Tloc           N/A          100%        2    ###....
b - Summon Lightning Spi  Summ/Air       #.......     100%        4    #####..

Your spell library contained the following spells:

 Spells                   Type           Power        Failure   Level  Hunger
 Animate Skeleton         Necr           N/A          99%         1    ##.....
 Apportation              Tloc           #.....       99%         1    ##.....
 Corona                   Hex            #......      99%         1    ##.....
 Magic Dart               Conj           #...         99%         1    ##.....
 Summon Small Mammal      Summ           #...         99%         1    ##.....
 Call Imp                 Summ           #.......     100%        2    ###....
 Slow                     Hex            #.......     100%        2    ###....
 Call Canine Familiar     Summ           #.......     100%        3    ####...
 Conjure Flame            Conj/Fire      #.......     100%        3    ####...
 Mephitic Cloud           Conj/Pois/Air  #.......     100%        3    ####...
 Summon Guardian Golem    Hex/Summ       #.......     100%        3    ####...
 Summon Ice Beast         Ice/Summ       #.......     100%        4    #####..


Dungeon Overview and Level Annotations

Branches:
Dungeon (10/15)            Temple (1/1) D:4             Orc (0/2) D:9
   Lair: D:8-11

Altars:
Ashenzari
Cheibriados
Dithmenos
Elyvilon
Gozag
Hepliaklqana
Kikubaaqudgha
Nemelex Xobeh
Okawaru
Qazlal
Ru
Sif Muna
Trog
Uskayaw
Vehumet
Wu Jian
Xom
Yredelemnul
Zin
The Shining One

Shops:
D:7 (   D:8 =

Annotations:
D:8 Psyche
D:10 Grum


Innate Abilities, Weirdness & Mutations

You have a pair of horns on your head.
You are significantly more attuned to the shadows.


Message History

Something hits you but does no damage. Space bends around you.
Something hits you but does no damage. Space bends around you.
* * * LOW HITPOINT WARNING * * *
Throwing (i - inventory. (/) - cycle)
c - 8 javelins (quivered)
Press: ? - help, Shift-Dir - straight line You throw a javelin.
Something hits you but does no damage.
You hear some strange, mumbled words.
A magic dart appears from out of thin air!
The magic dart hits you.
* * * LOW HITPOINT WARNING * * *
Something hits you.
* * * LOW HITPOINT WARNING * * *
Throwing (i - inventory. (/) - cycle)
c - 7 javelins (quivered)
Press: ? - help, Shift-Dir - straight line You throw a javelin.
You hear some strange, mumbled words.
A magic dart appears from out of thin air!
The magic dart hits you!
You die...
Your body rises from the dead as a mindless zombie.

....................##.##.#
......###........##.....>.#
......#..........#######..#
........#........######...#
......#...####............#
.#.###.........#..######..#
#.## ............# #..# ##.
###..####....## ###..#
#.......##.@..###....##
#........##.....≈.≈...#
#.........#....≈≈.≈≈..#
#....._....(...≈≈∩≈≈..#
#..............≈≈≈≈≈..#
#...............≈≈≈.###
#........##...........#
#........##...........#
#.......#.§...........#


There were no monsters in sight!

Vanquished Creatures
  Pikel (D:8)
  Duvessa (D:5)
  An orc warrior (D:6)
  2 slaves (D:8)
  3 phantoms
  A wolf (D:9)
  3 ogres
  Blork the orc (D:5)
  A big kobold (D:6)
  Dowan (D:5)
  3 scorpions
  2 crimson imps
  5 orc wizards
  2 orc priests
  3 hounds
  An iguana (D:6)
  Ijyb (D:3)
  Jessica (D:3)
  A centaur skeleton (D:9)
  Terence (D:3)
  3 worker ants
  A killer bee zombie (D:8)
  A hound skeleton (D:4)
  A worker ant zombie (D:5)
  10 adders
  6 gnolls
  2 oozes
  An adder skeleton (D:5)
  An adder zombie (D:5)
  2 worms
  2 dart slugs
  3 leopard geckos
  15 orcs
  4 ball pythons
  6 bats
  3 giant cockroaches
  11 goblins
  12 hobgoblins
  12 jackals
  9 kobolds
  A quokka (D:5)
  7 frilled lizards
  3 jackal skeletons
  A leopard gecko zombie (D:6)
  A quokka zombie (D:7)
  6 rats
159 creatures vanquished.

Vanquished Creatures (collateral kills)
  A hungry ghost (D:6)
  An iguana (D:5)
  An adder (D:6)
3 creatures vanquished.

Vanquished Creatures (others)
  A worker ant (D:8)
  An orc skeleton (D:6)
  A scorpion zombie (D:6)
  2 adder skeletons
  2 hobgoblin skeletons (D:5)
  2 jackal skeletons (D:6)
  An orc zombie (D:6)
10 creatures vanquished.

Grand Total: 172 creatures vanquished

Notes
Turn   | Place    | Note
-------+----------+-------------------------------------------
     0 | D:1      | Mehrunes the Demonspawn Gladiator began the quest for the
                  | Orb.
     0 | D:1      | Reached XP level 1. HP: 16/16 MP: 1/1
   158 | D:1      | Gained mutation: You have a pair of small horns on your
                  | head. [demonic ancestry]
   158 | D:1      | Reached XP level 2. HP: 18/23 MP: 2/2
  1077 | D:1      | Gained mutation: You are slightly more attuned to the
                  | shadows. [demonic ancestry]
  1077 | D:1      | Reached XP level 3. HP: 28/28 MP: 3/3
  2112 | D:2      | You fall into a shaft and drop 1 floor!
  2126 | D:3      | Reached XP level 4. HP: 30/35 MP: 4/4
  2168 | D:3      | Noticed a +0 hand axe
  2169 | D:3      | Found a hide-covered altar of Uskayaw.
  2169 | D:3      | Noticed a +0 hand axe
  3152 | D:3      | Noticed Jessica
  3160 | D:3      | Killed Jessica
  3160 | D:3      | Reached skill level 1 in Armour
  3160 | D:3      | Reached XP level 5. HP: 28/42 MP: 5/5
  3516 | D:3      | Noticed Terence
  3524 | D:3      | Killed Terence
  3725 | D:3      | Noticed Ijyb
  3754 | D:3      | Killed Ijyb
  3901 | D:4      | Noticed a phantom
  4032 | D:4      | Reached XP level 6. HP: 47/48 MP: 6/6
  4356 | D:4      | Found a staircase to the Ecumenical Temple.
  4363 | Temple   | Entered the Ecumenical Temple
  4552 | Temple   | Became a worshipper of Yredelemnul the Dark
  4607 | D:4      | Found a shattered altar of Ashenzari.
  4610 | D:4      | Found a glowing golden altar of the Shining One.
  4613 | D:4      | Found a snail-covered altar of Cheibriados.
  4616 | D:4      | Found a glowing silver altar of Zin.
  4893 | D:3      | Reached skill level 1 in Invocations
  4893 | D:3      | Reached XP level 7. HP: 30/55 MP: 6/8
  5125 | D:4      | Reached skill level 5 in Long Blades
  5157 | D:4      | Reached skill level 5 in Fighting
  5415 | D:5      | Entered Level 5 of the Dungeon
  5508 | D:5      | Noticed Blork the orc
  5530 | D:5      | Killed Blork the orc
  5551 | D:5      | Found a shimmering blue altar of Sif Muna.
  5908 | D:5      | Noticed Duvessa
  5908 | D:5      | Noticed Dowan
  6083 | D:5      | Reached * piety under Yredelemnul
  6092 | D:5      | Found an iron altar of Okawaru.
  6285 | D:5      | Killed Duvessa
  6285 | D:5      | Gained mutation: You have a pair of horns on your head.
                  | [demonic ancestry]
  6285 | D:5      | Reached XP level 8. HP: 40/62 MP: 10/10
  6303 | D:5      | Killed Dowan
  7082 | D:6      | Found a glowing silver altar of Zin.
  7149 | D:6      | Found an opulent altar of Gozag.
  8474 | D:7      | Reached skill level 5 in Invocations
  8511 | D:7      | Found Xuklob's Weapon Shop.
  9455 | D:7      | Noticed a gargoyle
  9684 | D:7      | Found a shimmering altar of Xom.
  9694 | D:7      | Found a bloodstained altar of Trog.
 10201 | D:8      | Found Mijowex's Jewellery Emporium.
 10223 | D:8      | Found an ancient bone altar of Kikubaaqudgha.
 10243 | D:8      | Found an ornate altar of the Wu Jian Council.
 10246 | D:8      | You fall into a shaft and drop 2 floors!
 10246 | D:10     | Entered Level 10 of the Dungeon
 10246 | D:10     | Noticed Grum
 10260 | D:9      | Gained mutation: You are significantly more attuned to the
                  | shadows. [demonic ancestry]
 10260 | D:9      | Reached XP level 9. HP: 49/68 MP: 13/13
 10383 | D:9      | Found a sparkling altar of Nemelex Xobeh.
 10760 | D:8      | Noticed Pikel
 10828 | D:8      | Killed Pikel
 10828 | D:8      | Reached skill level 5 in Throwing
 10843 | D:8      | Learned a level 2 spell: Blink
 10848 | D:8      | Learned a level 4 spell: Summon Lightning Spire
 10886 | D:8      | Noticed Psyche
 10892 | D:8      | Paralysed by Psyche for 3 turns
 11043 | D:8      | Paralysed by Psyche for 5 turns
 11055 | D:8      | Killed from afar by Psyche

Levels and vault maps discovered:
D:1:      minmay_arrival_arboretum_small, layout_loops_ring,
          kennysheep_small_spiral, minmay_bisected
D:2:      layout_basic
D:3:      kennysheep_the_goblin_king, layout_basic, dancing_weapons_uskayaw,
          uniq_terence, uniq_jessica
D:4:      layout_rooms, grunt_temple_overflow_cloverleaf,
          minmay_temple_entry_proselytizer, first_ration, minmay_between
D:5:      layout_layer_cave, led_sif_pool, okawaru_altar_gauntlet_db,
          uniq_duvessa, uniq_ijyb, uniq_blork_the_orc
D:6:      layout_layer_cave, grunt_gozag_breadcrumbs, basic_altar
D:7:      layout_basic, overflow_temple_1_default,
          nicolae_ossuary_entry_false_entrances, basic_altar, serial_shops,
          kennysheep_mini_moat, grunt_ogre_cave, kennysheep_windowed_goal
D:8:      layout_rooms, nicolae_overflow_hidden_temple,
          nicolae_overflow_crystal_walls, basic_altar, serial_curves,
          eino_curves_03, eino_curves_03, serial_shops, nicolae_shop_waterfront,
          roderic_roman_lattice, uniq_joseph, uniq_pikel, uniq_psyche
D:9:      layout_irregular_city, makhleb_grotto_becter,
          nemelex_xobeh_ov_fountains_minmay, orc_0_dummy,
          mrwooster_statue_mirror
D:10:     minmay_slanted_spiral_squares, layout_rooms, interstate_on_off,
          uniq_grum, uniq_harold
Temple:   chequers_temple_sunken

Skill      XL: |  1  2  3  4  5  6  7  8  9 |
---------------+----------------------------+-----
Long Blades    | 3 4 5 6 |  6.7
Fighting       | 3 4 5 |  5.7
Armour         | 1 2 3 4 |  4.7
Throwing       | 2 3 4 5 |  5.0
Invocations    | 1 3 6 |  6.7
Dodging        | |  2.6

Action                   |  1- 3 |  4- 6 |  7- 9 || total
-------------------------+-------+-------+-------++-------
Melee: Long sword        |    84 |   170 |   218 ||   472
       Headbutt          |     8 |    29 |    57 ||    94
       Dagger            |       |       |    48 ||    48
       Unarmed           |       |       |    11 ||    11
Throw: Throwing net      |     2 |       |       ||     2
       Dart              |    12 |    19 |    12 ||    43
       Javelin           |       |       |     2 ||     2
Invok: Animate Remains   |       |       |    12 ||    12
Evoke: Wand              |       |       |     1 ||     1
  Use: Scroll            |       |     9 |    13 ||    22
       Potion            |       |       |     2 ||     2
 Stab: Sleeping          |       |     3 |       ||     3
       Distracted        |       |       |     2 ||     2
       Confused          |       |       |     1 ||     1
  Eat: Chunk             |     4 |     9 |     8 ||    21
       Ration            |       |       |     5 ||     5
Armor: Leather armour    |    21 |     2 |       ||    23
       Ring mail         |       |    18 |       ||    18
       Scale mail        |       |    27 |    11 ||    38
       Chain mail        |       |       |   156 ||   156
       Skin              |       |       |     1 ||     1
Dodge: Dodged            |    66 |    91 |   142 ||   299
       Rpst.: Long sword |    18 |    26 |    40 ||    84

Table legend:
 A = Non-vault XP
 B = Vault XP
 C = Vault XP percentage of total XP
 D = Non-vault monster count
 E = Vault monster count
 F = Vault count percentage of total count
                 A         B        C        D         E       F
            +---------+---------+-------+---------+---------+-------
      Total |    1876 |    1680 |  47.2 |     129 |      31 |  19.4
            +---------+---------+-------+---------+---------+-------
        D:1 |      40 |       5 |  11.1 |      17 |       3 |  15.0
        D:2 |      62 |       0 |   0.0 |      14 |       0 |   0.0
        D:3 |     303 |     122 |  28.7 |      34 |       9 |  20.9
        D:4 |     284 |     196 |  40.8 |      16 |       5 |  23.8
        D:5 |     366 |     346 |  48.6 |      15 |       9 |  37.5
        D:6 |     489 |     288 |  37.1 |      17 |       3 |  15.0
        D:7 |     168 |       0 |   0.0 |       4 |       0 |   0.0
        D:8 |      88 |     607 |  87.3 |       8 |       1 |  11.1
        D:9 |      76 |     116 |  60.4 |       4 |       1 |  20.0
            +---------+---------+-------+---------+---------+-------
